 Dungeon Crawl Stone Soup version 0.17.1-1-g73c8601 (console) character file.

10809 Kloppie the Cleaver (level 11, -9/92 HPs)
             Began as a Formicid Fighter on Dec 13, 2015.
             Was a Believer of Elyvilon.
             Mangled by Snorg (19 damage)
             ... on level 3 of the Lair of Beasts.
             The game lasted 00:22:41 (14333 turns).

Kloppie the Cleaver (Formicid Fighter)             Turns: 14333, Time: 00:22:41

Health: -9/92      AC: 12    Str: 29    XL:     11   Next: 99%
Magic:  16/16      EV: 11    Int:  8    God:    Elyvilon [**....]
Gold:   555        SH: 12    Dex: 10    Spells: 0 memorised, 10 levels left

rFire  + . .     SeeInvis +     a - +1 war axe
rCold  + . .     Clarity  .     v - +0 swamp dragon armour
rNeg   . . .     SustAt   .     c - +0 shield
rPois  +         Gourm    .     (helmet unavailable)
rElec  .         Spirit   .     J - +1 cloak
rCorr  .         Warding  .     C - +0 pair of gloves
rMut   .         Stasis   +     m - +0 pair of boots
MR     +....                    (no amulet)
Stlth  +.........               L - +1 ring of evasion
                                E - ring of Tuipsun {rF+ rC+ Slay+3}

@: mighty, somewhat resistant to hostile enchantments, very unstealthy
A: permanent stasis, dig shafts and tunnels, four strong arms, antennae 3
a: Dig, Shaft Self, Lesser Healing, Heal Other, Divine Protection, Renounce
Religion


You were on level 3 of the Lair of Beasts.
You worshipped Elyvilon.
Elyvilon was pleased with you.
You were very hungry.

You visited 3 branches of the dungeon, and saw 13 of its levels.
You also visited: Labyrinth.

You collected 555 gold pieces.

Inventory:

Hand Weapons
 a - a +1 war axe (weapon)
Armour
 c - a +0 shield (worn)
 m - a +0 pair of boots (worn)
 v - a +0 swamp dragon armour (worn)
 C - a +0 pair of gloves (worn)
 J - a +1 cloak (worn)
Magical Staves
 K - an uncursed staff of fire
Jewellery
 d - an uncursed ring of stealth
 g - a +2 ring of strength
 x - an uncursed ring of protection from magic
 E - the ring of Tuipsun (left hand) {rF+ rC+ Slay+3}
   (You found it on level 8 of the Dungeon)

   [ring of protection from cold]

   It affects your accuracy and damage with ranged weapons and melee attacks
   (+3).
   It protects you from fire.
   It protects you from cold.
 L - a +1 ring of evasion (right hand)
Wands
 b - a wand of digging (7)
 h - a wand of enslavement (12)
 N - a wand of slowing (21)
Scrolls
 j - 8 scrolls of remove curse
 o - a scroll of enchant armour
 t - a scroll of fear
 y - 3 scrolls of immolation
 A - 2 scrolls of fog
 O - a scroll of noise {unknown}
 P - 3 scrolls of magic mapping
 Q - a scroll of enchant weapon
 R - 3 scrolls of identify
Potions
 k - 3 potions of magic
 l - 4 potions of curing
 p - 2 potions of invisibility
 q - a potion of brilliance
 s - 2 potions of ambrosia
 u - a potion of lignification
 w - 2 potions of flight
 F - a potion of berserk rage {unknown}
Books
 f - a book of Spatial Translocations

   Spells                             Type                      Level
   a - Apportation                    Translocation                1
   b - Blink                          Translocation                2
   c - Shroud of Golubria             Charms/Translocation         2
   d - Portal Projectile              Translocation                3
   e - Teleport Other                 Translocation                3
   f - Passage of Golubria            Translocation                4
 i - the Tome of the Lion
   (You found it in a labyrinth)

   Spells                             Type                      Level
   a - Summon Butterflies             Summoning                    1
   b - Throw Flame                    Conjuration/Fire             2
   c - Call Imp                       Summoning                    2
   d - Sticky Flame                   Conjuration/Fire             4
   e - Bolt of Magma                  Conjuration/Fire/Earth       5
   f - Shadow Creatures               Summoning                    5
   g - Spellforged Servitor           Conjuration/Summoning        7
   h - Dragon's Call                  Summoning                    9
 z - a book of Hinderance

   Spells                             Type                      Level
   a - Confusing Touch                Hexes                        2
   b - Confuse                        Hexes                        3
   c - Gell's Gravitas                Hexes/Translocation          3
   d - Petrify                        Transmutation/Earth          4
   e - Metabolic Englaciation         Hexes/Ice                    5
 D - an Akashic Record

   Spells                             Type                      Level
   a - Dispersal                      Translocation                6
   b - Malign Gateway                 Summoning/Translocation      7
   c - Disjunction                    Translocation                8
   d - Controlled Blink               Translocation                8
 H - the Catalogue of Flying Talismans
   (You found it in a labyrinth)

   Spells                             Type                      Level
   a - Infusion                       Charms                       1
   b - Repel Missiles                 Charms/Air                   2
   c - Song of Slaying                Charms                       2
   d - Swiftness                      Charms/Air                   2
   e - Regeneration                   Charms/Necromancy            3
   f - Spectral Weapon                Hexes/Charms                 3
   g - Haste                          Charms                       6
   h - Deflect Missiles               Charms/Air                   6
 I - a book of the Earth

   Spells                             Type                      Level
   a - Leda's Liquefaction            Hexes/Earth                  4
   b - Bolt of Magma                  Conjuration/Fire/Earth       5
   c - Statue Form                    Transmutation/Earth          6
   d - Iron Shot                      Conjuration/Earth            6
   e - Shatter                        Earth                        9
Comestibles
 e - 8 bread rations
 n - 7 royal jellies
 r - 3 meat rations
 B - 4 fruits
 G - a beef jerky


   Skills:
 + Level 10.7 Fighting
 - Level 11.9 Axes
 + Level 4.1 Armour
 - Level 10.0 Shields
 - Level 7.0 Invocations


You had 10 spell levels left.
You didn't know any spells.

Dungeon Overview and Level Annotations

Branches:
Dungeon (9/15)             Temple (1/1) D:7            Lair (3/8) D:8
  Swamp: Lair:3-6    Shoals: Lair:3-6     Snake: Lair:3-6    Spider: Lair:3-6
    Orc: D:9-12

Altars:
Ashenzari
Cheibriados
Dithmenos
Elyvilon
Fedhas
Gozag
Kikubaaqudgha
Makhleb
Okawaru
Qazlal
Ru
Trog
Vehumet
Xom
Yredelemnul
Zin
The Shining One

Annotations:
D:5 Prince Ribbit
Lair:1 Sonja
Lair:3 Snorg


Innate Abilities, Weirdness & Mutations

You are under a permanent stasis effect.
You can dig through walls and to a lower floor.
Your four strong arms can wield two-handed weapons with a shield.
You have a pair of large antennae on your head (SInv).


Message History

Snorg is severely wounded.
You block Snorg's attack. Snorg claws you.
* * * LOW HITPOINT WARNING * * *
Snorg claws you.
* * * LOW HITPOINT WARNING * * *
You closely miss Snorg.
Snorg is severely wounded.
Snorg barely misses you. x2
Snorg claws you but does no damage. You block Snorg's attack. Snorg claws you.
* * * LOW HITPOINT WARNING * * *
Snorg closely misses you.
You slice Snorg!!
Snorg is almost dead.
Snorg closely misses you. Snorg claws you!
* * * LOW HITPOINT WARNING * * *
You block Snorg's attack.
You barely miss Snorg.
Snorg is almost dead.
Snorg bites you!!
You die...

## .### #.###############
.#P.#.#..##.#P#..##.###
...................... P
#. #.P....##.....##...
..##.####...#.#..#.##....
.......T@................
.......#....##.......#...
....%........#.<....#....
............#.......#....
#####...#................
#P.......#.#.....#....
............##.#.......
........................
.........................


You could see Snorg (berserk).

Vanquished Creatures
  A minotaur (Lab)
  The ghost of Wutend the Carver, a novice OpFi of Dithmenos (D:8)
  Pikel (D:5)
  A black mamba (Lair:3)
  2 komodo dragons (Lair:1)
  A spiny frog (Lair:2)
  A queen bee (D:7)
  Grinder (D:4)
  A deep elf mage (D:9)
  A wyvern (D:7)
  5 hippogriffs
  2 wargs (D:8)
  2 humans (D:8)
  Menkaure (D:6)
  The ghost of DeXoteric the Changer, an amateur OpTm (D:3)
  3 water moccasins
  A porcupine (Lair:2)
  An ice beast (D:5)
  2 sky beasts
  A black bear (D:6)
  5 orc warriors
  5 ogres
  A centaur (D:7)
  3 big kobolds (D:7)
  3 crocodiles
  6 giant frogs
  Blork the orc (D:5)
  3 scorpions
  27 killer bees
  A wight (D:8)
  2 giant frog zombies
  6 crimson imps
  4 jellies
  5 hounds
  2 centaur zombies
  2 giant frog skeletons
  Crazy Yiuf (D:2)
  2 centaur skeletons
  3 orc priests
  10 iguanas
  3 orc wizards
  4 worker ants
  A hound zombie (D:7)
  2 hound skeletons
  A worker ant zombie (D:5)
  9 adders
  14 river rats
  A shadow imp (D:5)
  2 oozes
  2 adder zombies
  5 worms
  6 giant geckos
  21 orcs
  3 ball pythons
  7 bats
  6 giant cockroaches
  8 hobgoblins
  39 kobolds
  2 quokkas
  8 giant newts
  5 goblins
  30 jackals
  A jackal skeleton (D:5)
  A jackal zombie (D:5)
  A quokka skeleton (D:9)
  A quokka zombie (D:5)
  11 rats
  6 plants (D:7)
322 creatures vanquished.

Vanquished Creatures (others)
  A slave (D:5)
  An ogre (D:6)
  A black bear (D:6)
  2 crimson imps
  A centaur skeleton (D:5)
  A hound (D:5)
  A worker ant (D:6)
  A giant gecko (D:6)
  An orc (D:6)
  A jackal (D:5)
  A quokka zombie (D:6)
12 creatures vanquished.

Grand Total: 334 creatures vanquished

Notes
Turn   | Place    | Note
--------------------------------------------------------------
     0 | D:1      | Kloppie the Formicid Fighter began the quest for the Orb.
     0 | D:1      | Reached XP level 1. HP: 18/18 MP: 1/1
    85 | D:1      | Reached XP level 2. HP: 21/24 MP: 2/2
   306 | D:1      | Reached XP level 3. HP: 22/30 MP: 3/3
   608 | D:1      | Found a glowing golden altar of the Shining One.
   662 | D:1      | Reached skill level 4 in Fighting
   995 | D:2      | Found an opulent altar of Gozag.
  1098 | D:2      | Reached XP level 4. HP: 37/37 MP: 4/4
  1212 | D:2      | Found a glowing silver altar of Zin.
  1476 | D:2      | Found a shadowy altar of Dithmenos.
  1695 | D:3      | Noticed DeXoteric's ghost (amateur OpTm)
  1917 | D:3      | Killed DeXoteric's ghost
  1917 | D:3      | Reached skill level 5 in Fighting
  1917 | D:3      | Reached XP level 5. HP: 38/44 MP: 5/5
  2023 | D:3      | Reached XP level 6. HP: 40/51 MP: 6/6
  2678 | D:3      | Reached skill level 6 in Fighting
  2678 | D:3      | Reached skill level 5 in Axes
  2974 | D:4      | Reached XP level 7. HP: 58/58 MP: 7/7
  3107 | D:4      | Noticed Grinder
  3121 | D:5      | Entered Level 5 of the Dungeon
  3420 | D:5      | Reached skill level 7 in Fighting
  3472 | D:5      | Noticed Pikel
  3493 | D:5      | Killed Pikel
  3493 | D:5      | Reached skill level 8 in Fighting
  3493 | D:5      | Reached XP level 8. HP: 35/68 MP: 8/8
  3796 | D:5      | Found an iron altar of Okawaru.
  3913 | D:5      | Noticed Prince Ribbit
  4068 | D:5      | Noticed Blork the orc
  4077 | D:5      | Killed Blork the orc
  4254 | D:6      | Reached XP level 9. HP: 63/75 MP: 9/9
  4258 | D:6      | Reached skill level 9 in Fighting
  4670 | D:6      | Noticed Menkaure
  4673 | D:6      | Killed Menkaure
  4918 | D:6      | Found a shimmering altar of Xom.
  5506 | D:7      | Reached skill level 10 in Fighting
  6015 | D:7      | Reached XP level 10. HP: 85/85 MP: 10/10
  6048 | D:7      | Reached skill level 5 in Shields
  6237 | D:7      | Found a burning altar of Makhleb.
  6367 | D:7      | Found a staircase to the Ecumenical Temple.
  6410 | Temple   | Entered the Ecumenical Temple
  6947 | D:7      | Reached skill level 10 in Axes
  7411 | D:4      | Killed Grinder
  7763 | D:2      | Noticed Crazy Yiuf
  7769 | D:2      | Killed Crazy Yiuf
  8645 | D:7      | HP: 4/85 [poisoned by a killer bee]
  8652 | D:7      | HP: 4/85 [poisoned by a killer bee]
  8660 | D:7      | HP: 4/85 [poisoned by a killer bee]
  9470 | D:8      | Noticed Wutend's ghost (novice OpFi)
  9508 | D:7      | Reached skill level 11 in Axes
  9571 | D:8      | Killed Wutend's ghost
  9571 | D:8      | Reached XP level 11. HP: 76/90 MP: 11/11
  9653 | D:8      | Found an iron altar of Okawaru.
  9720 | D:8      | Found a basalt altar of Yredelemnul.
  9775 | D:8      | Got a slimy silver ring
  9869 | D:8      | Found a staircase to the Lair.
 10509 | D:8      | Reached skill level 10 in Shields
 11358 | D:9      | Found a stormy altar of Qazlal.
 11360 | D:9      | Found a blossoming altar of Fedhas.
 11452 | D:9      | Found a white marble altar of Elyvilon.
 11472 | D:9      | Became a worshipper of Elyvilon the Healer
 11738 | D:9      | Noticed a six-headed hydra
 11973 | Lair:1   | Entered Level 1 of the Lair of Beasts
 12014 | Lair:1   | Reached skill level 1 in Invocations
 12019 | Lair:1   | Reached * piety under Elyvilon
 12134 | Lair:1   | Found a labyrinth entrance.
 12141 | Lab      | Entered a labyrinth
 12481 | Lab      | Noticed a minotaur
 12491 | Lab      | Killed a minotaur
 12491 | Lab      | Reached skill level 5 in Invocations
 12496 | Lab      | Identified the Catalogue of Flying Talismans
 12528 | Lab      | Identified the Tome of the Lion
 12878 | Lair:1   | Noticed Sonja
 13348 | Lair:1   | Identified the ring of Tuipsun {rF+ rC+ Slay+3} (You found it on level 8 of the Dungeon)
 13481 | Lair:2   | Reached ** piety under Elyvilon
 14318 | Lair:3   | Noticed Snorg
 14333 | Lair:3   | Mangled by Snorg

Action                   |  1- 3 |  4- 6 |  7- 9 | 10-12 || total
-------------------------+-------+-------+-------+-------++-------
Melee: War axe           |   133 |   115 |   281 |   700 ||  1229
  Use: Potion            |       |     1 |       |    12 ||    13
       Scroll            |       |       |    17 |     8 ||    25
  Eat: Chunk             |       |     2 |    10 |    21 ||    33
       Meat ration       |       |     1 |       |     1 ||     2
